Map: Nightshade LE

Players

HeroMarine - Winner!

  • Race: Terran Terran
  • Spawn Location: 11:00

souL

  • Race: Terran Terran
  • Spawn Location: 5:00

Event: IEM Katowice 2020

VOD

Have the link to the VOD?

Description

Time

  • Played on: Feb. 24, 2020, 5:18 a.m.
  • Length: 11:41

All games in this series

Show
View Real Time Build Order
Export as new Build Order

HeroMarine Terran - Winner!

Build Orders: Cyclone Opening 

Get SALT Encoding   

  12  0:00  SCV  
  13  0:12  SCV  
  14  0:17  Supply Depot  
  14  0:24  SCV  
  14  0:27  Refinery  
  15  0:38  SCV  
  16  0:44  Barracks  
  16  0:50  SCV  
  16  0:54  Refinery  
  17  1:03  SCV  
  18  1:15  SCV  
  19  1:30  Orbital Command  
  19  1:31  Factory  
  19  1:35  Reaper  
  20  1:42  Supply Depot  
  20  1:56  SCV  
  21  2:07  Reaper  
  21  2:08  SCV  
  23  2:15  Hellion  
  25  2:20  SCV  
  26  2:28  Command Center  
  26  2:32  SCV  
  26  2:35  Supply Depot  
  27  2:37  Factory Tech Lab  
  27  2:40  Barracks Reactor  
  27  2:44  SCV  
  28  2:56  Cyclone  
  28  2:57  SCV  
  32  3:03  Starport  
  32  3:09  SCV  
  33  3:17  Marine x2  
  33  3:19  Refinery  
  35  3:21  SCV  
  36  3:28  Siege Tank  
  39  3:39  Marine x2  
  39  3:40  SCV, Starport Tech Lab  
  42  3:44  Orbital Command  
  42  3:52  SCV  
  43  3:57  Marine x2  
  43  3:59  Raven  
  47  4:04  SCV  
  47  4:06  Supply Depot  
  48  4:10  SCV  
  48  4:16  SCV  
  52  4:19  Siege Tank  
  52  4:20  Marine  
  54  4:27  Marine  
  54  4:28  SCV x2  
  54  4:31  Supply Depot  
  57  4:38  Marine  
  58  4:40  SCV x2  
  58  4:42  Raven  
  62  4:48  Supply Depot  
  62  4:52  SCV x2, Marine  
  64  5:03  Marine  
  64  5:04  SCV x2  
  66  5:08  Siege Tank  
  66  5:10  Marine  
  66  5:12  Command Center  
  70  5:16  SCV  
  70  5:17  SCV  
  72  5:25  Raven  
  72  5:26  Supply Depot  
  74  5:29  SCV x2, Marine x2  
  78  5:44  Barracks  
  78  5:45  Barracks  
  78  5:47  SCV x2, Siege Tank  
  78  5:48  Refinery  
  85  6:00  SCV, Engineering Bay x2  
  85  6:03  SCV  
  85  6:04  Supply Depot  
  85  6:12  SCV  
  85  6:15  Stimpack  
  86  6:23  Viking x2, SCV, Marine  
  95  6:27  Orbital Command  
  95  6:30  Terran Infantry Weapons Level 1, Terran Infantry Armor Level 1  
  95  6:31  Barracks Tech Lab  
  95  6:32  Barracks Reactor  
  92  6:35  SCV x2  
  92  6:36  Barracks Reactor, Barracks  
  92  6:38  Barracks  
  94  6:41  Marine  
  95  6:47  SCV x2  
  95  6:49  Siege Tank  
  98  6:55  SCV  
  98  6:59  SCV, Marine  
  94  7:03  Viking x2  
  94  7:06  SCV  
  93  7:14  Marine x4  
  92  7:15  Orbital Command  
  92  7:17  SCV, Marine  
  92  7:18  SCV  
  92  7:19  Supply Depot  
  92  7:30  Barracks Reactor  
  92  7:31  Barracks Reactor, Orbital Command  
  92  7:32  Marine x4  
  92  7:34  SCV x2  
  96  7:37  Armory  
  96  7:38  Marine  
  97  7:44  Siege Tank  
  97  7:46  SCV  
  97  7:47  Refinery  
  97  7:48  Refinery  
  97  7:50  Marine x3  
  97  7:51  SCV  
  106  7:53  Marine  
  106  7:56  Marine  
  106  7:58  SCV  
  108  8:03  SCV x2  
  105  8:07  Marine x3  
  105  8:08  Marine  
  105  8:09  Marine x2  
  105  8:10  SCV  
  105  8:12  Marine  
  100  8:15  SCV x2  
  100  8:16  Marine x2  
  97  8:22  SCV  
  97  8:23  Supply Depot  
  97  8:25  Marine x4  
  102  8:27  Marine  
  102  8:30  Marine, Siege Tank  
  102  8:33  Medivac  
  102  8:34  Medivac  
  111  8:37  Terran Infantry Weapons Level 2  
  111  8:40  Terran Infantry Armor Level 2  
  111  8:46  Terran Vehicle Weapons Level 1  
  111  8:47  Combat Shield  
  111  8:51  Sensor Tower  
  111  8:53  Supply Depot  
  111  8:54  Marine  
  111  8:55  Supply Depot, Marine x3  
  115  8:59  Marine x2  
  115  9:00  Marine  
  118  9:06  Siege Tank  
  118  9:07  Medivac  
  123  9:11  Marine x2  
  123  9:14  Marine x4  
  123  9:15  Supply Depot  
  129  9:17  Marine x3  
  129  9:19  Medivac  
  134  9:29  Command Center  
  134  9:31  Marine x2  
  134  9:32  Marine, Factory  
  134  9:36  Supply Depot x2  
  134  9:38  Marine, Siege Tank  
  140  9:39  Marine x3  
  140  9:43  Marine x2  
  144  9:53  Marine  
  144  9:54  Marine x2  
  144  9:56  Marine x2  
  144  9:57  Marine x2  
  134  10:01  Marine x2  
  134  10:06  Viking x2  
  138  10:11  Marine x2  
  141  10:14  Marine x2, Siege Tank  
  141  10:15  Marine x2  
  141  10:18  Marine x2  
  149  10:24  Barracks Reactor, Siege Tank  
  152  10:29  Marine  
  152  10:32  Marine x2  
  152  10:33  Marine x3  
  158  10:36  Viking x2  
  158  10:39  Marine  
  158  10:40  Marine  
  158  10:45  SCV  
  158  10:46  SCV x2  
  158  10:47  Siege Tank  
  159  10:57  Siege Tank  
  161  10:58  SCV x3  
  164  11:07  Medivac x2  
  164  11:10  SCV  
  169  11:15  SCV x2  
  171  11:22  SCV  
Show
View Real Time Build Order
Export as new Build Order

souL Terran 

Build Orders:  

Get SALT Encoding   

  12  0:00  SCV  
  13  0:12  SCV  
  14  0:17  Supply Depot  
  14  0:25  SCV  
  15  0:29  Refinery  
  15  0:39  SCV  
  16  0:44  Barracks  
  16  0:51  SCV  
  17  0:58  Refinery  
  17  1:03  SCV  
  18  1:15  SCV  
  19  1:32  Orbital Command, Factory  
  19  1:38  Reaper  
  20  1:42  Supply Depot  
  20  1:57  SCV  
  21  2:10  SCV, Reaper  
  23  2:16  Hellion  
  23  2:22  SCV  
  26  2:29  Command Center  
  26  2:34  SCV  
  27  2:39  Supply Depot  
  27  2:40  Factory Tech Lab  
  27  2:42  Barracks Reactor  
  27  2:46  SCV  
  28  2:58  SCV  
  29  3:01  Cyclone  
  32  3:06  Starport  
  32  3:11  SCV  
  33  3:18  Refinery, Marine x2  
  35  3:23  SCV  
  36  3:35  SCV  
  36  3:36  Marine x2  
  36  3:40  Orbital Command, Factory Tech Lab  
  39  3:48  SCV  
  40  3:50  Raven  
  42  3:58  Marine  
  42  4:00  SCV, Siege Tank  
  42  4:01  Supply Depot  
  47  4:10  SCV  
  47  4:12  SCV  
  47  4:16  Marine x2  
  51  4:19  Supply Depot  
  51  4:22  SCV  
  53  4:24  SCV  
  53  4:33  Raven  
  53  4:34  SCV  
  53  4:36  SCV  
  53  4:38  Marine x2  
  59  4:42  Siege Tank  
  62  4:47  SCV  
  62  4:48  SCV  
  62  4:50  Supply Depot  
  64  4:59  SCV  
  65  5:00  SCV  
  65  5:06  Command Center  
  67  5:11  SCV  
  67  5:12  SCV  
  69  5:14  Siege Tank  
  69  5:21  Supply Depot  
  69  5:23  SCV  
  69  5:24  SCV  
  69  5:27  Supply Depot  
  71  5:31  Barracks  
  71  5:32  Stimpack, Marine  
  71  5:33  Barracks  
  72  5:36  SCV x2  
  74  5:46  Siege Tank  
  74  5:48  SCV, Viking  
  74  5:49  Viking  
  82  5:54  Supply Depot  
  82  5:55  SCV, Refinery  
  83  6:00  SCV  
  84  6:06  Engineering Bay  
  84  6:07  SCV, Engineering Bay  
  85  6:13  SCV  
  86  6:18  Liberator x2  
  86  6:20  SCV  
  86  6:23  Barracks Reactor  
  94  6:27  SCV  
  94  6:29  Marine  
  95  6:33  SCV  
  95  6:37  Barracks Reactor  
  96  6:42  Terran Infantry Weapons Level 1, Barracks  
  96  6:43  SCV, Supply Depot  
  96  6:44  Barracks  
  96  6:45  SCV  
  96  6:47  Marine  
  98  6:50  Terran Infantry Armor Level 1  
  98  6:53  Orbital Command  
  99  6:55  SCV  
  99  6:57  SCV  
  92  7:02  Siege Tank  
  92  7:03  Marine  
  92  7:07  SCV  
  82  7:09  Viking, SCV  
  82  7:13  Marine  
  82  7:15  Marine x3  
  82  7:19  SCV  
  82  7:21  SCV, Marine  
  83  7:29  Viking  
  76  7:31  SCV, Marine  
  76  7:33  SCV, Marine x2  
  76  7:35  Siege Tank  
  81  7:39  Marine  
  81  7:43  SCV  
  80  7:45  Combat Shield  
  80  7:46  Barracks Reactor  
  80  7:47  Barracks Reactor, Marine  
  80  7:49  SCV, Marine  
  80  7:51  Marine  
  81  7:55  SCV  
  81  7:57  Marine  
  79  8:07  Marine x2  
  79  8:08  SCV  
  79  8:10  Marine  
  79  8:12  Siege Tank  
  65  8:13  Marine  
  65  8:15  Marine  
  67  8:23  Medivac x2  
  67  8:24  Marine x2  
  67  8:25  Marine x2  
  67  8:26  Marine  
  74  8:29  Marine  
  74  8:31  Marine x2  
  74  8:34  Marine  
  77  8:35  Orbital Command  
  78  8:42  Marine x3  
  78  8:44  Marine  
  78  8:47  Marine  
  81  8:49  Marine x3  
  81  8:52  Medivac, Marine  
  81  8:53  Medivac  
  89  9:00  Marine x3  
  89  9:01  Siege Tank  
  89  9:02  Marine  
  96  9:05  Marine  
  96  9:07  Marine x3  
  100  9:10  Marine  
  101  9:18  Marine x3  
  101  9:21  Supply Depot  
  101  9:22  Liberator x2  
  101  9:23  Supply Depot, Marine  
  111  9:27  Marine x3  
  114  9:32  Marine x2  
  114  9:35  Siege Tank  
  114  9:36  Marine x2  
  121  9:39  Marine  
  121  9:41  Marine  
  121  9:44  Marine  
  124  9:47  Supply Depot, Marine x2  
  124  9:49  Supply Depot, Marine  
  124  9:50  Marine  
  123  9:53  Marine  
  123  9:54  Marine  
  123  9:57  Marine  
  123  9:59  Marine  
  123  10:02  Marine  
  123  10:05  Marine x2  
  123  10:06  Orbital Command  
  126  10:09  Medivac, Marine x2  
  130  10:17  Medivac  
  132  10:22  Marine x3  
  132  10:26  Marine  
  135  10:29  Marine  
  135  10:35  Siege Tank  
  139  10:41  Marine x2  
  141  10:45  Marine  
  141  10:47  Marine  
  141  10:48  Marine  
  138  10:55  Marine  
  139  10:57  Marine  
  139  10:58  Marine  
  139  10:59  Marine  
  142  11:20  Marine x3  

Tags
 
Add a new tag
Caveats
  • Supply blocks, unpowered buildings, or Contaminate may cause inaccurate times.
  • Supply counts are checked every 10 seconds.